[Event "Early-Titled-Tuesday-Blitz-March-26-2024"]
[Site "Chess.com"]
[Date "2024.03.26"]
[Round "10"]
[White "mortngabriel"]
[Black "lucasran"]
[Result "0-1"]
[WhiteElo "2473"]
[BlackElo "2617"]
[TimeControl "180+1"]
[EndTime "9:54:16 PDT"]
[Termination "lucasran won by checkmate"]

1. Nf3 Nf6 2. c4 b6 3. Nc3 Bb7 4. d4 e6 5. a3 d5 6. Bf4 Be7 7. e3 O-O 8. cxd5 Nxd5 9. Nxd5 exd5 10. Bd3 c5 11. O-O Nd7 12. Rc1 Nf6 13. Ne5 c4 14. Be2 b5 15. Bg5 Re8 16. Bf3 a5 17. a4 b4 18.
Nxc4 Ba6 19. Ne5 Bxf1 20. Qxf1 Rc8 21. Nc6 Qd6 22. Qb5 Bf8 23. Rc2 Ne4 24. Bf4 Qe6 25. h3 h6 26. Bg4 f5 27. Bh5 g6 28. Be2 Kh7 29. Bd3 Bd6 30. Ne5 Rxc2 31. Bxc2 Nf6 32. Bb3 Rc8 33. Qxa5 Re8 34. Qb5 Rb8 35. Qa5 Bxe5 36.
Bxe5 Re8 37. Qc7+ Re7 38. Qc5 Nd7 39. Qb5 Nxe5 40. dxe5 Qxe5 41. Bxd5 h5 42. a5 Qd6 43. a6 Ra7 44. Bb7 Qc7 45. Qxb4 Kh6 46. Qd4 Rxb7 47. axb7 Qxb7 48. Qh8+ Kg5 49. Qe5 Kh6 50. g3 Kh7 51.
h4 Qb3 52. Qd4 Qc2 53. b4 Qb1+ 54. Kh2 Qc2 55. Kg2 Qc6+ 56. Kg1 Qc1+ 57. Kh2 Qc6 58. Qf4 Qc2 59. Kg2 Qc6+ 60. Qf3 Qb5 61. Qf4 Qc6+ 62. Kh3 Qh1# 0-1

[Event "Early-Titled-Tuesday-Blitz-March-26-2024"]
[Site "Chess.com"]
[Date "2024.03.26"]
[Round "10"]
[White "sansanathalia"]
[Black "tetrix83"]
[Result "1/2-1/2"]
[WhiteElo "2439"]
[BlackElo "2620"]
[TimeControl "180+1"]
[EndTime "9:54:18 PDT"]
[Termination "Game drawn by stalemate"]

1. d4 Nf6 2. Nf3 g6 3. e3 Bg7 4. Be2 O-O 5. O-O d6 6. Nbd2 Nbd7 7. b3 e5 8. Bb2 e4 9. Ne1 Re8 10. c4 h5 11. Nc2 c6 12. b4 Nf8 13. Nb3 h4 14. f3 h3 15. g3 exf3 16. Bxf3 N8h7 17. Qd3 Bf5 18. e4 Nxe4 19. Bxe4 Bxe4 20. Qd2 Qg5 21. Rf4 Bxc2 22. Qxc2 Re3 23. Raf1 Rae8 24.
R4f2 Qg4 25. Bc1 Re2 26. Qd3 Nf6 27. Bd2 Rxf2 28. Rxf2 Ne4 29. Rf4 Qd1+ 30. Rf1 Qh5 31. Re1 f5 32. Bf4 g5 33. Bc1 Qg4 34. d5 Be5 35. dxc6 bxc6 36. c5 d5 37. Qe2 Qxe2 38. Rxe2 Nc3 39. Rc2 f4 40. gxf4 gxf4 41. Bxf4 Bxf4 42.
Rxc3 Be3+ 43. Kf1 d4 44. Rd3 Rf8+ 45. Ke1 Rf2 46. Nxd4 Bxd4 47. Rxd4 Rxa2 48. Rd2 Ra1+ 49. Ke2 Kf7 50. Kf3 Ra3+ 51. Kg4 Rb3 52. Rd6 Rxb4+ 53. Kxh3 Rc4 54. Rxc6 a5 55. Kg3 a4 56. Ra6 Rxc5 57.
Rxa4 Kg6 58. Rg4+ Rg5 59. Rxg5+ Kxg5 60. h4+ Kh5 61. Kh3 Kh6 62. Kg4 Kh7 63. Kh5 Kh8 64.
Kg5 Kh7 65. h5 Kh8 66. h6 Kh7 67. Kh5 Kh8 68. Kg6 Kg8 69. h7+ Kh8 70. Kh6 1/2-1/2

[Event "Early-Titled-Tuesday-Blitz-March-26-2024"]
[Site "Chess.com"]
[Date "2024.03.26"]
[Round "10"]
[White "PepeCuenca"]
[Black "Pelusiansky"]
[Result "1-0"]
[WhiteElo "2729"]
[BlackElo "2540"]
[TimeControl "180+1"]
[EndTime "9:54:19 PDT"]
[Termination "PepeCuenca won by resignation"]

1. d4 Nf6 2. Bf4 e6 3. e3 Bd6 4.
Bxd6 cxd6 5. c4 d5 6. c5 d6 7. cxd6 Qxd6 8. Nc3 O-O 9. Nf3 Nc6 10.
Be2 Bd7 11. O-O a6 12. a3 Rac8 13. Rc1 Rc7 14. Na4 Ne4 15. Bd3 Nxd4 16. Rxc7 Nxf3+ 17. gxf3 Qxc7 18. fxe4 dxe4 19. Bxe4 Bb5 20. Re1 Rd8 21. Qc2 Qxc2 22. Bxc2 Rd2 23. Rc1 g5 24. Nc3 Bc6 25. Kf1 Bf3 26. Ke1 Rd7 27. Be4 Bg4 28. f3 Bh5 29. Rd1 Rc7 30. Kf2 Kg7 31. Rd6 f5 32. Bb1 Bf7 33. Ba2 Re7 34. f4 gxf4 35. exf4 h5 36. Ne2 Kf6 37. Nd4 h4 38. Bb1 Bg6 39.
Ba2 Bf7 40. h3 b5 41. Nf3 Be8 42. Ng5 Bd7 43. Rxa6 Kg7 44. Bxe6 Be8 45. Rd6 b4 46. axb4 Rb7 47. Rd4 Kf6 48. Bd5 Rc7 49. Bb3 Rb7 50.
Rd6+ Ke7 51. Rd4 Kf6 52. Nf3 Bf7 53. Bxf7 Kxf7 54. Nxh4 Ke6 55. Nf3 Rg7 56. b5 Rb7 57.
Rb4 Kd5 58. b6 Kc5 59. Rb3 Kc4 60. Nd2+ Kc5 61. h4 Kd5 62. h5 Ke6 63. h6 Kf7 64.
Nc4 Kg6 65. Na5 Rb8 66. b7 Rxb7 67. Nxb7 1-0

[Event "Early-Titled-Tuesday-Blitz-March-26-2024"]
[Site "Chess.com"]
[Date "2024.03.26"]
[Round "10"]
[White "KorolDimitriy75"]
[Black "AdvanceGuard4"]
[Result "1-0"]
[WhiteElo "2381"]
[BlackElo "2613"]
[TimeControl "180+1"]
[EndTime "9:54:23 PDT"]
[Termination "KorolDimitriy75 won by resignation"]

1. d4 Nf6 2. c4 e6 3. Nc3 d5 4. Bg5 dxc4 5. e4 h6 6. Bxf6 Qxf6 7. Bxc4 Bb4 8. Nf3 O-O 9. O-O c5 10. e5 Qd8 11. a3 Ba5 12. dxc5 Bxc3 13. bxc3 Qxd1 14.
Rfxd1 Nd7 15. c6 bxc6 16. Rd6 Nb6 17. Bf1 c5 18. Nd2 Bb7 19. Nc4 Nd5 20. Na5 Rab8 21. c4 Nb6 22. Nxb7 Rxb7 23. Rb1 Rc8 24. h4 Kf8 25.
Bd3 Ke7 26. f4 Rd7 27. Rxd7+ Kxd7 28. Kf2 Kc7 29. Ke3 Rd8 30. Rb5 Nd7 31. Ra5 Kb6 32.
Rb5+ Kc7 33. Ra5 Kb6 34. Rb5+ Ka6 35. Be4 Rb8 36. Bc6 Nb6 37. Rxc5 Rd8 38. a4 Nd7 39. Bb5+ Kb7 40. Bxd7 Rxd7 41. Rb5+ Kc6 42. a5 Rd1 43. Rb8 Re1+ 44. Kd4 Rd1+ 45. Ke3 Ra1 46. Rf8 Rxa5 47. Rxf7 Ra3+ 48. Kf2 Ra2+ 49. Kf3 Ra3+ 50. Kg4 Ra2 51. g3 g6 52. Rf6 h5+ 53. Kg5 Ra3 54. Rxg6 Rxg3+ 55. Kf6 Rxg6+ 56. Kxg6 a5 57. f5 exf5 58. e6 a4 59. e7 Kd7 60. Kf7 f4 61. e8=Q+ Kd6 62.
Qxa4 Ke5 63. Qd1 f3 64. Qxf3 Kd4 65. Qxh5 Kxc4 66. Qg5 1-0

[Event "Early-Titled-Tuesday-Blitz-March-26-2024"]
[Site "Chess.com"]
[Date "2024.03.26"]
[Round "10"]
[White "SpeedofLight0"]
[Black "ContrVersia"]
[Result "1-0"]
[WhiteElo "3073"]
[BlackElo "2919"]
[TimeControl "180+1"]
[EndTime "9:54:24 PDT"]
[Termination "SpeedofLight0 won on time"]

1. d4 Nf6 2. Nc3 d5 3. Bf4 c5 4. e3 cxd4 5. exd4 a6 6. Nf3 Nc6 7. Ne5 e6 8. Nxc6 bxc6 9. Na4 Bd6 10. Bxd6 Qxd6 11. Bd3 O-O 12. O-O Nd7 13. c4 a5 14.
Qd2 Ba6 15. c5 Qc7 16. Bxa6 Rxa6 17. Rae1 Raa8 18. h4 Rae8 19. Re2 Re7 20. Rfe1 Rfe8 21. g3 h5 22. Qg5 g6 23. Kg2 Kg7 24. b3 f6 25. Qd2 e5 26. f3 Kh7 27. g4 hxg4 28.
fxg4 e4 29. h5 g5 30. Rf1 e3 31. Qd3+ Kh8 32. Nc3 Qc8 33. Qf5 Qa6 34. Rfe1 Kg7 35.
Qg6+ Kh8 36. h6 Qc8 37. Rxe3 Rg8 38. Qxg8+ Kxg8 39. Rxe7 Ne5 40. dxe5 Qxg4+ 41. Kf2 Qf5+ 42. Ke3 Qf4+ 43. Kd3 Qf5+ 44. Kd2 Qf4+ 45. Kc2 d4 46. Ne4 f5 47. Nf6+ Kf8 48. h7 Qf2+ 49. Kd3 Qf3+ 50. Kxd4 Qf2+ 51. Kd3 Qf3+ 52. Kd2 Qf2+ 53. Kd1 Qd4+ 54.
Kc2 Qf2+ 55. Kd3 Qf3+ 56. Re3 Qd1+ 57. Kc4 Qc1+ 58. Rc3 Qf1+ 59. Rd3 Qc1+ 60. Kd4 Qf4+ 61. Ne4 Qxe4+ 62. Kc3 Qe1+ 63. Kb2 Qe2+ 64. Ka3 1-0

[Event "Early-Titled-Tuesday-Blitz-March-26-2024"]
[Site "Chess.com"]
[Date "2024.03.26"]
[Round "10"]
[White "xasid81"]
[Black "KNVB"]
[Result "1-0"]
[WhiteElo "2604"]
[BlackElo "2748"]
[TimeControl "180+1"]
[EndTime "9:54:24 PDT"]
[Termination "xasid81 won by resignation"]

1. Nf3 d5 2. d4 c6 3. e3 Bg4 4.
Be2 e6 5. O-O Bd6 6. b3 Nd7 7.
Bb2 Qb8 8. h3 Bh5 9. Nbd2 f5 10.
Ng5 Bxe2 11. Qxe2 Ke7 12. e4 fxe4 13. Qg4 Nf8 14. Ngxe4 g6 15. Nxd6 Qxd6 16. a4 Nf6 17. Qe2 Kf7 18. Nf3 Qf4 19. Bc1 Qf5 20. Ng5+ Kg7 21. g4 Nxg4 22. hxg4 Qf6 23. Nf3 h6 24. Qe5 Nd7 25. Qxf6+ Kxf6 26. Kg2 g5 27. Rh1 Rae8 28.
Bd2 Kg7 29. Rae1 Nf6 30. Ne5 Rhf8 31. f3 Rc8 32. Bb4 Rfe8 33. a5 b6 34. axb6 axb6 35. Ra1 Rc7 36. Bd6 Rb7 37. Nxc6 Rc8 38. Nb4 Kg6 39.
Rhe1 Kf7 40. Re2 Ng8 41. Rae1 Re8 42. Bg3 Rd7 43. Nc6 Kg7 44. Be5+ Kf7 45. Bg3 Rb7 46. Ne5+ Kg7 47. c4 dxc4 48. bxc4 b5 49. Rb1 b4 50. Reb2 Rd8 51. Nc6 Rc8 52. d5 exd5 53. cxd5 Rd7 54. Nxb4 Rc4 55. Be5+ Kg6 56. Rd1 Ne7 57. d6 Nc8 58. Bg3 Kf7 59. Nd3 Rd4 60. Ne5+ Ke6 61. Rxd4 Rxd6 62. Rxd6+ Nxd6 63. Rb6 h5 64.
Nc4 h4 65. Rxd6+ Ke7 66. Be5 h3+ 67. Kxh3 Kf7 68. Rf6+ Kg7 69. f4 gxf4 70. Rxf4+ Kg6 71. Kg3 Kg5 72. Bd4 Kg6 73. Bg1 1-0

[Event "Early-Titled-Tuesday-Blitz-March-26-2024"]
[Site "Chess.com"]
[Date "2024.03.26"]
[Round "10"]
[White "wonderfultime"]
[Black "Gabrielian_Artur"]
[Result "1-0"]
[WhiteElo "3005"]
[BlackElo "2822"]
[TimeControl "180+1"]
[EndTime "9:54:27 PDT"]
[Termination "wonderfultime won by resignation"]

1. d4 d5 2. Nf3 Nf6 3. Bf4 e6 4.
e3 c5 5. c3 Bd6 6. Nbd2 O-O 7. Bd3 Qc7 8. Bxd6 Qxd6 9. Ne5 b6 10.
Qe2 a5 11. O-O Ba6 12. Bxa6 Nxa6 13. f4 Nc7 14. Rf3 Ne4 15. Rh3 Nxd2 16. Qxd2 Ne8 17.
g4 Nf6 18. g5 Ne4 19. Qe2 g6 20. Qe1 h5 21. gxh6 Kh7 22. Rf3 cxd4 23. exd4 b5 24. Kh1 b4 25. c4 f6 26. c5 Qa6 27. Ng4 Qc4 28. Qd1 a4 29. Ne3 Qa6 30. Rc1 a3 31. b3 Rac8 32. Ng4 Rc7 33. Qe1 Qb5 34. Rc2 Qe8 35. Nf2 f5 36. Nd3 g5 37. fxg5 Qh5 38.
Qf1 Nxg5 39. Rg3 f4 40. Rg1 f3 41. Ne5 Ne4 42. Rg4 f2 43. Re2 Rf5 44. Re3 Rxe5 45. Rf4 Rf5 46. Rexe4 dxe4 47. Qxf2 Rxf4 48. Qxf4 Qd1+ 49. Kg2 Qf3+ 50. Qxf3 exf3+ 51. Kxf3 Kxh6 52. Ke4 Kg6 53. Ke5 Kf7 54. Kd6 Rc8 55. Kd7 Rh8 56. c6 Rh4 57. d5 Rd4 58. d6 e5 59.
c7 e4 60. c8=Q e3 61. Qc2 Rd2 62. Qf5+ Kg7 63. Qe5+ Kg6 64. Qxe3 1-0

[Event "Early-Titled-Tuesday-Blitz-March-26-2024"]
[Site "Chess.com"]
[Date "2024.03.26"]
[Round "10"]
[White "vasblesk"]
[Black "Philippians46"]
[Result "1/2-1/2"]
[WhiteElo "2794"]
[BlackElo "2985"]
[TimeControl "180+1"]
[EndTime "9:54:27 PDT"]
[Termination "Game drawn - insufficient material"]

1. d4 Nf6 2. c4 g6 3. g3 d5 4. cxd5 c6 5. dxc6 Nxc6 6. Nf3 e5 7. Bg2 Bb4+ 8. Nbd2 e4 9. Ng5 e3 10. fxe3 Ng4 11.
Bxc6+ bxc6 12. Qa4 O-O 13. Qxb4 Qxg5 14. Nf3 Qd5 15. Qb3 Qa5+ 16. Bd2 Qa6 17. Qd3 Qb6 18. Qb3 Qa6 19. Rc1 Be6 20. Qa3 Qb5 21. b3 a5 22.
Qc5 Qb8 23. e4 a4 24. bxa4 Rxa4 25. O-O Rxa2 26. Rb1 Qa8 27. Rfc1 Qa6 28. Kf1 Re8 29.
Rc2 Rxc2 30. Qxc2 Bc4 31. Re1 Nf6 32. Ne5 Be6 33. Bg5 Ng4 34. Qxc6 Qxc6 35. Nxc6 Bd7 36. Ne7+ Kf8 37. h3 h6 38. Bh4 g5 39. Nd5 Nh2+ 40.
Kg2 Rxe4 41. Nf6 Rxd4 42. Nxd7+ Rxd7 43. Bxg5 Ng4 44. hxg4 hxg5 45. Kf3 Kg7 46. e3 Rd6 47. Re2 Rf6+ 48. Kg2 Ra6 49. Kf3 Ra4 50. Kg2 Rxg4 51. e4 Kg6 52. Kf3 f5 53. exf5+ Kxf5 54. Re5+ Kxe5 55.
Kxg4 Kf6 56. Kf3 Kf5 57. Kf2 Ke4 58. g4 Kf4 59. Kf1 Kf3 60. Kg1 Kg3 61. Kf1 Kh4 62. Kg1 Kh3 63. Kh1 Kg3 64. Kg1 Kf3 65. Kf1 Kxg4 66.
Kg2 Kh4 67. Kh2 Kg4 68. Kg2 Kf4 69. Kf2 Kf5 70. Kf3 g4+ 71. Kg3 Kg5 72. Kg2 Kf4 73. Kf2 Kg5 74. Kg3 Kh5 75. Kg2 Kg6 76. Kg3 Kg5 77.
Kg2 Kf4 78. Kf2 g3+ 79. Kg2 Kg4 80. Kg1 Kf3 81. Kf1 Kg4 82. Kg2 Kh4 83. Kg1 Kg5 84.
Kg2 Kf4 85. Kg1 Kg4 86. Kg2 Kh4 87. Kg1 Kh3 88. Kh1 Kh4 89. Kg2 Kh5 90. Kxg3 1/2-1/2

[Event "Early-Titled-Tuesday-Blitz-March-26-2024"]
[Site "Chess.com"]
[Date "2024.03.26"]
[Round "10"]
[White "dropstoneDP"]
[Black "HansOnTwitch"]
[Result "1/2-1/2"]
[WhiteElo "3011"]
[BlackElo "3122"]
[TimeControl "180+1"]
[EndTime "9:54:28 PDT"]
[Termination "Game drawn by repetition"]

1. e4 c5 2. Nf3 d6 3. d4 cxd4 4. Nxd4 Nf6 5. Nc3 a6 6. Be2 e5 7. Nb3 Be7 8. O-O O-O 9. Be3 Be6 10. Nd5 Nbd7 11. Qd3 Bxd5 12. exd5 Rc8 13. c4 a5 14.
Rad1 Ne8 15. Bg4 a4 16. Na5 Nef6 17. Nxb7 Qc7 18. Bxd7 Nxd7 19. c5 Qxb7 20. c6 Qc7 21. cxd7 Qxd7 22. Rc1 f5 23. b4 axb3 24. axb3 e4 25.
Qd2 Qb5 26. b4 h6 27. g3 Kh7 28. h4 Bf6 29. Bf4 Qb6 30. Rc6 Rxc6 31. dxc6 Qxc6 32. Rc1 Qb5 33. Qxd6 Rd8 34. Qc5 Qe2 35. Qxf5+ Kh8 36. Be3 Qd3 37. b5 Bd4 38. Bxd4 Qxd4 39. Re1 Re8 40. Re3 Qb4 41. Kg2 Rf8 42. Rxe4 Qd6 43. Qg4 Qc5 44. Qe2 Kh7 45. Re8 Rf5 46. f4 Qxb5 47.
Qc2 Qxe8 48. Qxf5+ Kh8 49. Qd3 Qc6+ 50. Kf2 Qb6+ 51.
Kf3 Qc6+ 52. Qe4 Qc3+ 53. Kg4 Qc8+ 54. f5 Qf8 55. Qe6 Qd8 56. Kh5 Kh7 57. g4 Kh8 58. f6 gxf6 59. Kxh6 Qf8+ 60. Kh5 Qg7 61. Qc8+ Kh7 62.
Qf5+ Kh8 63. Qg6 Qe7 64. Qf5 Qf7+ 65. Qg6 Qe7 66. Qh6+ Kg8 67. Qg6+ Kh8 1/2-1/2

[Event "Early-Titled-Tuesday-Blitz-March-26-2024"]
[Site "Chess.com"]
[Date "2024.03.26"]
[Round "10"]
[White "chess_blitz00"]
[Black "Gurvich_Vitaly"]
[Result "1-0"]
[WhiteElo "2591"]
[BlackElo "2717"]
[TimeControl "180+1"]
[EndTime "9:54:35 PDT"]
[Termination "chess_blitz00 won by checkmate"]

1. g3 d5 2. Bg2 Nf6 3. Nf3 c6 4. O-O Bf5 5. d3 e6 6. Nc3 h6 7. Re1 Bh7 8. Bf4 Bb4 9. Bd2 Nbd7 10. e4 dxe4 11. Nxe4 Bxd2 12. Nfxd2 O-O 13. Nc3 Qc7 14.
Qe2 Rad8 15. Qe3 Nb6 16. Nde4 Nfd5 17. Qc5 Nxc3 18. Nxc3 Qd6 19. Qxd6 Rxd6 20. Be4 Nd5 21. Bxh7+ Kxh7 22. Ne4 Rd7 23. Nc5 Rc7 24. c3 b6 25.
Na6 Rd7 26. d4 Rfd8 27. a3 Kg6 28. Nb4 Rc7 29. Nd3 a5 30. Rad1 a4 31. Ne5+ Kf6 32.
Kg2 b5 33. Nd3 Nb6 34. Nc5 Nc4 35. Re2 Rd5 36. Rd3 g5 37. Rf3+ Kg6 38. g4 Nd6 39. Na6 Rc8 40. Nb4 Nc4 41. Nxd5 cxd5 42. h4 Rc6 43. hxg5 hxg5 44. Rh3 f6 45. Rh8 e5 46.
Rb8 e4 47. Rxb5 Rd6 48. Rb4 Nb6 49. f3 f5 50. gxf5+ Kxf5 51. fxe4+ dxe4 52. Rb5+ Kf4 53. Re5 Kg4 54. R2xe4+ Kh5 55. Re3 Nc4 56. Rh3+ Kg4 57. Rg3+ Kf4 58. Rexg5 Rh6 59. R5g4+ Kf5 60. Rg8 Nxb2 61.
Rf3+ Ke4 62. Re8+ Kd5 63. Re5+ Kc4 64. Rc5+ Kb3 65. c4+ Ka2 66. d5 Rg6+ 67. Kf1 Rg4 68. Rc6 Rd4 69. d6 Nxc4 70. Rxc4 Rxc4 71. Rd3 Rc8 72. d7 Rd8 73. Ke2 Kb2 74. Ke3 Kc2 75.
Ke4 Kb2 76. Ke5 Ka2 77. Ke6 Kb2 78. Ke7 Rb8 79. d8=Q Rb3 80. Qd4+ Ka2 81. Rd2+ Kxa3 82. Qa1+ Kb4 83. Rd4+ Kc5 84. Qxa4 Rb7+ 85. Rd7 Rb8 86.
Qa5+ Kc4 87. Qc7+ Kb3 88. Qxb8+ Kc2 89. Rc7+ Kd2 90. Qb2+ Kd1 91. Rc1# 1-0

[Event "Early-Titled-Tuesday-Blitz-March-26-2024"]
[Site "Chess.com"]
[Date "2024.03.26"]
[Round "10"]
[White "orkinyo12345"]
[Black "KVAIDAN"]
[Result "1-0"]
[WhiteElo "2529"]
[BlackElo "2345"]
[TimeControl "180+1"]
[EndTime "9:54:37 PDT"]
[Termination "orkinyo12345 won by resignation"]

1. d4 e6 2. c4 f5 3. g3 Nf6 4. Bg2 Be7 5. Nf3 O-O 6. O-O d6 7. Nc3 a5 8. Qc2 Nc6 9. e4 Nb4 10. Qe2 fxe4 11. Nxe4 Nxe4 12. Qxe4 e5 13. dxe5 Bf5 14.
Qxb7 Rb8 15. Qa7 Be4 16. Qe3 Bxf3 17. Bxf3 Nc2 18. Bd5+ Kh8 19. Qc3 Nxa1 20. b3 a4 21. b4 dxe5 22. b5 Bc5 23. Qxa1 Bd4 24. Bb2 Qf6 25. Bxd4 exd4 26. Qd1 a3 27. Qd3 Qf5 28. Be4 Qc5 29. Bxh7 Rbe8 30. Be4 Re5 31. Kg2 Qe7 32. f3 Rd8 33. Rb1 Rc5 34. Qxa3 d3 35. Rd1 d2 36.
Qb4 Qd6 37. a3 Qd4 38. Bd5 Qe3 39. Qxd2 Qxd2+ 40. Rxd2 Rxc4 41. Bxc4 Rxd2+ 42. Kh3 Rd4 43. Be6 Ra4 44. Bd7 Rxa3 45. f4 Rd3 46. Bc6 Rd2 47. g4 g6 48. Kg3 Kg7 49. h3 Kf6 50. Be4 Rb2 51. g5+ Ke6 52. Bxg6 Rxb5 53. f5+ Ke7 54. Kg4 Rb4+ 55. Kh5 Rb3 56. h4 c5 57. Kh6 Rf3 58. Kg7 c4 59. f6+ Ke6 60. h5 c3 61. h6 Rf5 62.
Bxf5+ Kxf5 63. f7 c2 64. f8=Q+ Kxg5 65. Qf1 Kh5 66. Qc1 Kg4 67. Qxc2 Kg5 68. Qg6+ Kf4 69. h7 1-0

[Event "Early-Titled-Tuesday-Blitz-March-26-2024"]
[Site "Chess.com"]
[Date "2024.03.26"]
[Round "10"]
[White "Tolya2"]
[Black "RianKapriaga"]
[Result "0-1"]
[WhiteElo "2475"]
[BlackElo "2362"]
[TimeControl "180+1"]
[EndTime "9:54:38 PDT"]
[Termination "RianKapriaga won by resignation"]

1. Nf3 Nf6 2. c4 e6 3. g3 d5 4.
Bg2 c5 5. cxd5 exd5 6. d4 Nc6 7.
O-O Bg4 8. Qa4 Qd7 9. e3 Be7 10. Nc3 O-O 11. dxc5 Bxc5 12. b3 Rad8 13. Ba3 Bxa3 14.
Qxa3 Bh3 15. Rfd1 Bxg2 16. Kxg2 Qg4 17. h3 Qh5 18. Nd4 Ne4 19. Nce2 Rd6 20. Nf4 Qe5 21. Nxc6 Rxc6 22. Rxd5 Qxa1 23. Qxa7 Rc2 24. Nd3 Qxa2 25.
Qxa2 Rxa2 26. Kf3 Nd2+ 27. Kg2 Nxb3 28. Rb5 Na5 29. Nb4 Ra4 30. Nd5 h6 31. g4 Kh7 32.
Nc3 Ra1 33. Ne4 f6 34. Nd6 Rd8 35. Nf5 Rd7 36. h4 Ra2 37. h5 Rdd2 38. Rc5 Rxf2+ 39.
Kg3 Rg2+ 40. Kf3 Rgf2+ 41. Kg3 Rxf5 42. Rxf5 b6 43. Rb5 Nc4 44. Rb4 Rc2 45. Kf4 Kg8 46. Rb5 Kf7 47. Rd5 Rc3 48. Rd7+ Kf8 49. Rc7 b5 50.
Rb7 Rxe3 51. Rxb5 Rc3 52. Rc5 Kg8 53. Rc8+ Kh7 54. Rc7 Rc2 55. Ra7 Ne5 56. Ra4 Rc4+ 57. Rxc4 Nxc4 58. Kf5 Ne5 59. Kf4 Kg8 60. Kf5 Kf7 61. Kf4 Ke6 62. Kg3 Nxg4 63. Kxg4 f5+ 64. Kf4 Kf6 65. Kf3 Kg5 66. Kg3 Kxh5 67. Kf4 Kg6 68. Kg3 Kf6 69. Kf4 g5+ 70. Kf3 Kg6 71. Kg3 h5 72. Kh3 h4 73. Kg2 Kh5 74. Kf3 g4+ 75.
Kf4 h3 76. Kg3 Kg5 77. Kh2 f4 78. Kg1 Kf5 79. Kf2 Ke4 80. Ke2 g3 0-1

[Event "Early-Titled-Tuesday-Blitz-March-26-2024"]
[Site "Chess.com"]
[Date "2024.03.26"]
[Round "10"]
[White "JosefineHeinemann"]
[Black "jcmesafischer"]
[Result "0-1"]
[WhiteElo "2493"]
[BlackElo "2383"]
[TimeControl "180+1"]
[EndTime "9:54:40 PDT"]
[Termination "jcmesafischer won by resignation"]

1. e4 c5 2. c3 d5 3. exd5 Nf6 4.
Bb5+ Nbd7 5. d4 cxd4 6. Qxd4 a6 7. Be2 Qa5 8. d6 e5 9. Qd1 Qb6 10. Nd2 Qxd6 11. Ngf3 Be7 12. O-O O-O 13. Nc4 Qc7 14. Bg5 b5 15. Bxf6 Bxf6 16. Nd6 Nc5 17. Nxc8 Raxc8 18. Qc2 e4 19. Nd2 e3 20. fxe3 Bg5 21. Rf3 Rce8 22. Nf1 Nd7 23. Bd3 g6 24. Rg3 Bh4 25. Rh3 Bg5 26. a4 Qc5 27. axb5 axb5 28. Re1 Ne5 29. Kh1 Rd8 30. Be4 f5 31. Bf3 Rd7 32. e4 Nd3 33. Re2 fxe4 34. b4 Qb6 35. Nd2 exf3 36. Nxf3 Nf4 37. Nxg5 Nxe2 38. Qxe2 Qf6 39.
Qa2+ Rdf7 40. Nf3 Re8 41. Kg1 Qb6+ 42. Kf1 Qd6 43. Qc2 Qc6 44. Rg3 Qc4+ 45. Kg1 Qe4 46.
Qxe4 Rxe4 47. Rg5 Re3 48. Rxb5 Rxc3 49. Kf2 Rc2+ 50. Kg3 Rb2 51. Rb8+ Rf8 52. b5 Rxb8 53. Nd4 Rb3+ 54. Nxb3 Rxb5 55. Nd4 Rb4 56. Nf3 Rc4 57.
h3 Kg7 58. Ne5 Rc3+ 59. Nf3 g5 60.
Kg4 h6 61. Kf5 Rc4 62. Ne5 Rf4+ 63. Ke6 Rf2 64. g4 Rh2 65. Nf3 Rxh3 66. Nd4 Re3+ 67.
Kf5 Rd3 68. Ne6+ Kh7 69. Nf8+ Kg8 70. Ne6 Rf3+ 71. Ke5 Kh7 72. Kd6 Rf6 73. Ke7 Rxe6+ 74. Kxe6 Kg6 75. Ke5 h5 76. gxh5+ Kxh5 77. Ke4 Kg4 78.
Ke3 Kh3 0-1

[Event "Early-Titled-Tuesday-Blitz-March-26-2024"]
[Site "Chess.com"]
[Date "2024.03.26"]
[Round "10"]
[White "Goryachkina"]
[Black "artin10862"]
[Result "0-1"]
[WhiteElo "2683"]
[BlackElo "2898"]
[TimeControl "180+1"]
[EndTime "9:54:43 PDT"]
[Termination "artin10862 won on time"]

1. e4 e5 2. Nf3 Nc6 3. Bc4 Bc5 4. c3 Nf6 5. d3 d6 6. Nbd2 a6 7. Bb3 O-O 8. h3 Ba7 9. O-O h6 10. Re1 Re8 11. Nf1 Be6 12. Bxe6 Rxe6 13. Ng3 d5 14. Qe2 Ne7 15. Nh4 Qd7 16. Be3 Bxe3 17. Qxe3 Rd8 18. Qe2 g6 19. Nf3 Nc6 20. Rad1 d4 21. c4 Qe7 22. Nh2 h5 23. Nf3 Nd7 24. Qd2 Nc5 25.
Qh6 Qf8 26. Qg5 Kh7 27. b3 f6 28. Qd2 Re7 29. Nh4 Ne6 30. Ne2 Rf7 31. f4 exf4 32.
Nxf4 Nxf4 33. Qxf4 Ne5 34. Nf3 Re8 35. Rf1 Qd6 36. Qh4 Kg7 37. Nxe5 Rxe5 38. Rf3 b5 39. Rdf1 bxc4 40. bxc4 Rg5 41. Qf2 Ra5 42. Rf4 Re5 43. Kh1 c5 44. Qh4 Re6 45. Qf2 Qe5 46. Rf3 Rb7 47. Qc2 Reb6 48. Qa4 Qe7 49. Qa5 Qd6 50. Qa4 Rb1 51. Qe8 Rxf1+ 52. Rxf1 h4 53. Qc8 Rc7 54. Qb8 Qg3 55. Qb6 Rf7 56. Qxa6 Qxd3 57. Rg1 Qxe4 58. Qd6 Qe5 59. Qc6 d3 60. Qf3 Rd7 61. Rd1 d2 62. a4 Rd4 63. a5 Qe1+ 64.
Kh2 Qe5+ 65. Kh1 Rf4 0-1

[Event "Early-Titled-Tuesday-Blitz-March-26-2024"]
[Site "Chess.com"]
[Date "2024.03.26"]
[Round "10"]
[White "Kate1606"]
[Black "GMT4114"]
[Result "1-0"]
[WhiteElo "2152"]
[BlackElo "1961"]
[TimeControl "180+1"]
[EndTime "9:54:46 PDT"]
[Termination "Kate1606 won by resignation"]

1. e4 e6 2. d4 d5 3. Nc3 Bb4 4. e5 Qd7 5. Bd2 b6 6. Qg4 f5 7.
Qg3 Ba6 8. Bxa6 Nxa6 9. Nge2 Nb8 10. a3 Bf8 11. h4 Nc6 12. h5 Nge7 13. O-O-O O-O-O 14. Bg5 Na5 15. Kb1 Kb7 16. Nc1 Rc8 17. h6 g6 18. Bf6 Rg8 19. Qg5 c5 20. dxc5 Rxc5 21.
N1e2 Rc8 22. Nd4 a6 23. Rh3 Nec6 24. Nxc6 Rxc6 25. Ne2 Nc4 26. Nd4 Rc7 27. Rb3 Na5 28. Rbd3 Bc5 29. Nb3 Nxb3 30. Rxb3 Rgc8 31. f3 a5 32. Rc3 Bf8 33. Rxc7+ Qxc7 34. Rc1 Bc5 35. Qd2 Qc6 36. Bg5 Qb5 37. Ka2 a4 38. Be3 Bxe3 39. Qxe3 Qc5 40. Qxc5 Rxc5 41. c3 Kc6 42. Rd1 b5 43. Kb1 Rc4 44. Rd4 Kc5 45. Rxc4+ Kxc4 46. Kc2 d4 47. cxd4 Kxd4 48. f4 Ke4 49. Kc3 Kxf4 50. Kb4 Kxe5 51. Kxb5 Kd4 52. Kxa4 e5 53. b4 e4 54. b5 e3 55. b6 e2 56. b7 e1=Q 57.
b8=Q Qd1+ 58. Qb3 Qxb3+ 59. Kxb3 g5 60. a4 Kc5 61. Kc3 f4 62. Kd3 Kb4 63. Ke4 Kxa4 64. Kf5 Kb4 65. Kxg5 Kc3 66. Kxf4 Kd4 67. g4 Kd5 68.
Kf5 Kd6 69. Kf6 Kd7 70. Kg7 Ke6 71. Kxh7 Kf6 72. g5+ Kf7 73. Kh8 Kg6 74. h7 Kf7 75. g6+ Kxg6 76. Kg8 1-0

[Event "Early-Titled-Tuesday-Blitz-March-26-2024"]
[Site "Chess.com"]
[Date "2024.03.26"]
[Round "10"]
[White "Donskov_AN"]
[Black "deribas12345"]
[Result "0-1"]
[WhiteElo "2392"]
[BlackElo "2626"]
[TimeControl "180+1"]
[EndTime "9:54:48 PDT"]
[Termination "deribas12345 won by resignation"]

1. e4 e6 2. d4 d5 3. e5 c5 4.
c3 Qa5 5. Nf3 cxd4 6. Bd3 dxc3 7. Nxc3 Nc6 8. O-O Nge7 9. a3 Ng6 10. b4 Qd8 11. Re1 Be7 12. g3 a6 13. h4 Qc7 14. Bb2 b5 15. Rc1 Bb7 16. h5 Nf8 17. Ne2 Qb6 18. h6 gxh6 19. Ned4 Nxd4 20. Bxd4 Qd8 21. Kg2 h5 22. Rh1 h4 23. Nxh4 Rc8 24. Nf3 Rc4 25. Qd2 Ng6 26. Qh6 Bf8 27. Qe3 Bg7 28.
Rh5 h6 29. Rch1 Kd7 30. Nd2 Kc8 31. Nxc4 dxc4+ 32. Be4 Qc7 33. Bxb7+ Qxb7+ 34. Qf3 Rd8 35. Qxb7+ Kxb7 36. Ba1 Rd3 37. f4 Rxa3 38. Rd1 Kc6 39. Rd6+ Kc7 40. Bd4 c3 41. Rh1 Bf8 42. Rb6 Bxb4 43. Rc1 Ne7 44. Rd6 Nd5 45. f5 Bxd6 46.
exd6+ Kxd6 47. fxe6 fxe6 48. Rh1 b4 49. Rxh6 c2 50.
Rh1 b3 51. g4 Ra4 52. Bb2 Rxg4+ 53. Kf3 Rf4+ 54. Ke2 a5 55. Kd3 a4 56. Re1 Nb4+ 57. Kd2 Rc4 58. Re3 Na2 59. Rd3+ Ke7 60. Ba3+ Kf6 61.
Rf3+ Kg5 62. Rg3+ Kf4 63. Bd6+ Kf5 64. Rf3+ Kg4 65. Rg3+ Kh4 66. Rg1 c1=Q+ 67. Rxc1 Rxc1 68. Ba3 Rc2+ 0-1

[Event "Early-Titled-Tuesday-Blitz-March-26-2024"]
[Site "Chess.com"]
[Date "2024.03.26"]
[Round "10"]
[White "Matrix3x3a"]
[Black "MatthewG-p4p"]
[Result "0-1"]
[WhiteElo "2634"]
[BlackElo "2874"]
[TimeControl "180+1"]
[EndTime "9:54:52 PDT"]
[Termination "MatthewG-p4p won by resignation"]

1. d4 Nf6 2. c4 c5 3. Nf3 cxd4 4.
Nxd4 e5 5. Nb5 d5 6. cxd5 Bc5 7. e3 O-O 8. N5c3 e4 9. Be2 Re8 10. O-O Bf5 11. a3 Nbd7 12. Nd2 Qe7 13. b4 Bd6 14. Nc4 Bb8 15. d6 Qe6 16. Bb2 a6 17.
a4 Ba7 18. Rc1 Rac8 19. Na5 Ne5 20. Qb3 Qd7 21. Rfd1 Nd3 22. Bxd3 exd3 23. Nd5 Rxc1 24. Nxf6+ gxf6 25. Bxc1 Qxd6 26. Nxb7 Qc7 27. Nc5 Bxc5 28. bxc5 Qxc5 29. Bd2 Qc2 30. Qb1 Qxa4 31. f3 Be6 32.
Rc1 Rd8 33. Rc3 Qd7 34. Ra3 Rc8 35. Qxd3 Qxd3 36. Rxd3 Ra8 37. Ba5 f5 38. Kf2 Kf8 39.
e4 fxe4 40. fxe4 Ke7 41. Ke3 Rb8 42. Ra3 Bc4 43. Kd4 Bb5 44. Bb4+ Ke6 45. e5 Rd8+ 46. Bd6 Rg8 47. Rg3 Rc8 48. Rc3 Rd8 49. Rc7 f6 50. Re7+ Kf5 51. Rf7 a5 52. Rxf6+ Kg5 53. Rf3 Bc6 54. Ra3 a4 55. Kc5 Bd7 56. e6 Rc8+ 57. Kd5 Bc6+ 58. Ke5 Re8 59. e7 Kg6 60. g4 Kf7 61. h4 Bd7 62. g5 Ra8 63. h5 Ra5+ 64. Ke4 Rxg5 65. Bf4 Rxh5 66. Re3 Kxe7 67. Be5 Ke6 68.
Bd4 Bc6+ 69. Kd3+ Kd7 70. Rg3 Bb5+ 71. Kc3 Bc6 72. Re3 Kd6 73. Rg3 Rf5 74. Rh3 h5 75.
Rh4 Be8 76. Kc4 Rf1 77. Kd3 Rd1+ 78. Ke4 Bg6+ 79. Ke3 Kd5 80. Bb2 Rd3+ 81. Kf4 Rb3 82. Bf6 a3 83. Kg5 Be8 84. Ra4 Bxa4 0-1